Map: Heavy Artillery LE

Players

Massa - Winner!

  • Race: Terran Terran
  • League: Gold
  • Spawn Location: 7:00

qqq - Winner!

  • Race: Zerg Zerg
  • League: Platinum
  • Spawn Location: 7:00

kesha

  • Race: Zerg Zerg
  • Spawn Location: 3:00

Sphere

  • Race: Zerg Zerg
  • Spawn Location: 1:00

VOD

Have the link to the VOD?

Description

Time

  • Played on: Aug. 31, 2020, 4:03 p.m.
  • Length: 13:35
Show
View Real Time Build Order
Export as new Build Order

Massa Terran - Winner!

Build Orders:  

Get SALT Encoding   

  12  0:01  SCV  
  13  0:13  SCV  
  14  0:18  Supply Depot  
  14  0:25  SCV  
  15  0:39  SCV  
  15  0:40  Barracks  
  16  0:46  Refinery  
  16  0:51  SCV  
  17  1:03  SCV  
  18  1:15  SCV, Supply Depot  
  19  1:28  SCV  
  19  1:30  Reaper  
  21  1:49  Command Center  
  21  1:51  Orbital Command  
  21  2:01  Marine  
  22  2:17  Factory  
  22  2:18  SCV  
  23  2:29  Barracks Tech Lab, Barracks  
  23  2:30  SCV  
  24  3:08  Marauder  
  26  3:29  Marine  
  26  3:30  Orbital Command  
  26  3:32  Barracks Reactor  
  27  3:34  Factory Reactor  
  27  3:40  Barracks  
  27  3:46  Bunker  
  27  3:47  Marine  
  28  3:54  SCV  
  28  3:55  SCV  
  30  4:05  Marine  
  30  4:06  SCV  
  30  4:07  SCV  
  30  4:09  Starport  
  33  4:11  Supply Depot  
  33  4:16  Supply Depot  
  33  4:18  SCV  
  33  4:19  SCV, Engineering Bay  
  33  4:21  Engineering Bay  
  33  4:23  Widow Mine x2, Marine  
  40  4:30  SCV  
  41  4:40  Marine x2  
  41  4:41  Marauder  
  41  4:42  Barracks Tech Lab  
  41  4:44  Widow Mine  
  47  4:46  SCV  
  47  4:47  SCV  
  49  4:54  Refinery  
  49  4:58  Marine x2  
  49  4:59  SCV x2  
  53  5:00  Command Center  
  53  5:05  Medivac  
  55  5:11  SCV x2  
  55  5:13  Marauder  
  59  5:14  Marine  
  59  5:15  Marine  
  59  5:16  Marine  
  58  5:30  Refinery  
  58  5:32  Marine  
  52  5:48  Marine  
  52  5:49  Marauder, Marine  
  52  5:50  Marauder  
  51  6:01  Stimpack  
  48  6:04  Concussive Shells  
  48  6:06  Marine  
  48  6:10  Barracks x2, Marauder  
  48  6:11  Marine  
  48  6:17  Marine  
  38  6:22  Widow Mine  
  38  6:32  Marauder  
  39  6:33  Widow Mine  
  39  6:35  Marine  
  36  6:50  Marauder  
  36  6:53  Marauder, Marine  
  27  6:54  Widow Mine, Orbital Command  
  16  7:06  Orbital Command  
  13  7:11  Marauder, Medivac  
  17  7:16  Widow Mine  
  17  7:18  SCV  
  20  7:23  SCV  
  19  7:30  SCV  
  17  7:42  SCV  
  17  7:54  SCV  
  18  8:02  Widow Mine  
  20  8:14  SCV x2  
  20  8:15  SCV  
  23  8:26  SCV  
  23  8:27  SCV x2  
  26  8:44  SCV x3  
  29  8:51  Marauder  
  29  8:52  Marine  
  32  8:56  SCV x3  
  32  8:58  Marauder  
  37  9:08  SCV x3, Marine x2  
  42  9:10  Marine  
  42  9:13  Marauder  
  45  9:19  Marauder  
  45  9:20  SCV x2  
  49  9:26  Orbital Command, Marine x2  
  49  9:27  Marine  
  52  9:34  Marauder  
  54  9:40  Marine  
  54  9:44  Barracks Reactor  
  54  9:45  Marine  
  56  9:46  Barracks Tech Lab  
  56  9:55  Marine  
  56  9:58  Marauder  
  59  10:01  Refinery  
  59  10:03  Marine  
  60  10:19  Marine  
  61  10:21  Supply Depot  
  61  10:22  Supply Depot  
  61  10:28  Supply Depot x2  
  61  10:43  SCV x3, Marauder, Marine x2  
  61  10:46  Supply Depot  
  61  10:48  Marauder, Marine, Supply Depot  
  71  10:52  Supply Depot  
  71  10:53  Supply Depot  
  71  10:55  SCV x3  
  72  11:00  Marine  
  72  11:01  Marine  
  72  11:03  Widow Mine  
  76  11:04  Marine  
  76  11:10  Combat Shield  
  76  11:11  Supply Depot  
  77  11:18  Marine x2  
  77  11:22  Marine  
  77  11:24  Widow Mine  
  82  11:35  Terran Infantry Armor Level 1  
  82  11:37  Terran Infantry Weapons Level 1  
  82  11:45  Widow Mine  
  82  11:47  SCV x2  
  86  11:49  Orbital Command  
  86  11:50  Marauder, Marine x3  
  93  11:56  Marine  
  93  11:59  SCV x2  
  95  12:03  Barracks Reactor  
  95  12:07  Marine, Factory Reactor  
  95  12:08  Marine x2  
  97  12:11  SCV x2, Marine  
  97  12:14  Marine  
  101  12:22  Armory  
  101  12:23  SCV x2  
  101  12:25  Marine  
  101  12:26  Marine x2  
  101  12:29  Marine  
  107  12:32  Marine  
  107  12:35  SCV x2  
  110  12:43  Marine x3  
  113  12:47  Marauder  
  113  12:50  Marine  
  116  12:51  SCV  
  116  12:52  SCV x2  
  119  13:01  Marine x2  
  119  13:02  Marauder  
  119  13:03  SCV  
  119  13:04  SCV  
  123  13:08  Marauder, Marine  
Show
View Real Time Build Order
Export as new Build Order

qqq Zerg - Winner!

Build Orders: 3 Hatch before Pool 

Get SALT Encoding   

  12  0:02  Drone  
  13  0:08  Drone  
  14  0:37  Hatchery  
  13  0:51  Drone  
  14  1:06  Hatchery  
  14  1:08  Drone  
  14  1:28  Spawning Pool  
  13  1:35  Overlord  
  13  1:39  Drone  
  14  1:50  Extractor, Drone  
  14  1:58  Drone  
  14  1:59  Drone  
  16  2:03  Drone x2  
  18  2:09  Drone  
  19  2:19  Queen  
  21  2:24  Drone  
  21  2:27  Drone  
  23  2:45  Drone  
  23  2:49  Drone  
  23  2:51  Drone  
  26  2:52  Drone  
  26  2:53  Drone  
  28  3:02  Drone  
  29  3:08  Drone x2  
  29  3:11  Drone, Spine Crawler  
  31  3:14  Spine Crawler  
  30  3:22  Drone  
  30  3:26  Drone  
  33  3:27  Drone x2  
  33  3:29  Overlord  
  34  3:38  Lair  
  34  3:42  Overlord  
  34  3:46  Drone, Spine Crawler  
  34  3:48  Overlord  
  34  3:49  Drone  
  34  3:52  Drone  
  36  4:00  Drone x3  
  39  4:03  Drone  
  39  4:08  Drone  
  41  4:11  Drone  
  41  4:16  Extractor, Spine Crawler  
  40  4:17  Queen  
  40  4:18  Drone  
  40  4:21  Queen  
  40  4:22  Drone  
  40  4:23  Drone  
  47  4:25  Drone  
  47  4:27  Drone  
  47  4:28  Drone  
  50  4:45  Spire  
  49  4:49  Drone x2  
  49  4:50  Drone  
  49  4:51  Drone x2  
  54  4:57  Drone x3  
  54  4:58  Drone  
  58  5:00  Overlord  
  58  5:03  Extractor  
  58  5:05  Extractor  
  56  5:09  Overlord  
  56  5:12  Drone x2  
  58  5:24  Spine Crawler  
  58  5:26  Spine Crawler  
  56  5:37  Zergling x10  
  56  5:38  Zergling x6  
  51  6:03  Mutalisk x3  
  51  6:04  Mutalisk x2  
  57  6:12  Drone x2  
  57  6:13  Drone x2  
  57  6:14  Drone  
  57  6:17  Mutalisk  
  64  6:21  Drone  
  64  6:22  Drone x2  
  65  6:27  Mutalisk  
  67  6:33  Mutalisk  
  67  6:38  Overlord  
  68  6:41  Mutalisk  
  70  6:50  Zergling x6  
  70  6:52  Zergling x2  
  70  6:53  Overlord x2  
  70  6:54  Overlord  
  71  7:28  Mutalisk x3  
  71  7:29  Mutalisk x2  
  78  7:36  Drone x2  
  78  7:37  Drone  
  81  7:46  Drone, Mutalisk x2  
  85  8:04  Hatchery  
  83  8:07  Hatchery  
  82  8:21  Hatchery  
  82  8:22  Overlord  
  82  8:26  Mutalisk x2  
  81  8:28  Hatchery  
  84  8:37  Drone x3  
  84  8:40  Mutalisk  
  89  9:01  Hatchery  
  88  9:04  Mutalisk x4  
  88  9:05  Mutalisk  
  88  9:08  Hatchery  
  89  9:37  Mutalisk x2  
  89  9:38  Mutalisk x2  
  95  9:39  Drone x3  
  95  9:40  Drone  
  101  9:53  Infestation Pit  
  101  9:56  Drone  
  101  9:57  Extractor, Drone x2  
  101  9:58  Extractor, Overlord x4  
  101  10:04  Drone x3  
  101  10:05  Drone  
  105  10:09  Mutalisk x2  
  107  10:32  Mutalisk x3  
  107  10:34  Zergling x4  
  107  10:35  Drone x4  
  118  10:36  Drone x6  
  118  10:39  Extractor  
  118  10:40  Extractor  
  117  10:55  Mutalisk x2  
  115  10:57  Drone  
  115  10:58  Drone x8  
  115  10:59  Drone x2  
  124  11:23  Mutalisk x5  
  135  11:25  Drone  
  135  11:26  Drone x8  
  135  11:27  Drone x4  
  145  11:38  Drone  
  145  11:39  Drone x4  
  148  11:41  Spine Crawler  
  148  11:43  Extractor x2  
  148  11:46  Hive  
  145  12:01  Drone  
  145  12:02  Drone x3, Mutalisk  
  145  12:03  Mutalisk x5  
  145  12:31  Drone x5, Mutalisk  
  145  12:32  Mutalisk x5  
  162  12:44  Spire  
  162  12:49  Extractor x2, Spore Crawler  
  162  12:50  Spine Crawler  
  157  12:53  Extractor x2, Spore Crawler  
  157  12:54  Spine Crawler  
  157  12:55  Drone x6  
  157  12:56  Drone x3  
  162  12:58  Overlord x2  
  162  12:59  Overlord x2  
  162  13:00  Overlord x2  
  162  13:01  Overlord  
Show
View Real Time Build Order
Export as new Build Order

kesha Zerg 

Build Orders: Hatch First 

Get SALT Encoding   

  12  0:10  Drone  
  13  0:21  Overlord  
  13  0:22  Drone  
  14  0:39  Drone x2  
  16  0:50  Hatchery  
  16  0:55  Drone  
  16  0:58  Drone  
  17  1:06  Extractor, Drone  
  17  1:25  Spawning Pool  
  16  1:26  Drone  
  16  1:27  Drone  
  18  1:37  Drone  
  19  1:53  Extractor, Drone  
  19  1:58  Overlord  
  19  2:04  Drone  
  20  2:10  Drone  
  20  2:13  Drone  
  22  2:23  Drone  
  22  2:25  Drone  
  24  2:30  Queen  
  24  2:31  Queen  
  24  2:36  Drone, Roach Warren  
  26  3:00  Spine Crawler  
  25  3:14  Drone  
  25  3:15  Drone x2  
  25  3:17  Roach  
  25  3:18  Roach x2  
  34  3:30  Drone x2  
  36  3:38  Overlord  
  36  3:58  Roach x3  
  36  3:59  Overlord, Roach  
  36  4:00  Overlord  
  44  4:18  Roach x5  
  44  4:19  Roach  
  44  4:23  Spore Crawler  
  55  4:27  Spore Crawler  
  55  4:30  Drone x3  
  57  4:33  Drone x2  
  57  4:35  Overlord  
  57  4:36  Overlord  
  59  4:44  Ravager  
  60  4:56  Roach x4  
  70  5:00  Roach x2  
  70  5:23  Ravager  
  65  6:01  Roach x2  
  65  6:02  Roach x3  
  71  6:26  Roach x2  
  67  6:47  Roach  
  67  6:48  Roach x3  
  67  6:52  Roach  
  75  6:58  Queen, Lair  
  67  7:03  Spore Crawler  
  58  7:23  Roach  
  58  7:24  Roach  
  58  7:27  Roach x4  
  70  7:33  Queen  
  64  7:48  Spore Crawler  
  61  8:04  Queen  
  63  8:09  Queen  
  63  8:11  Hydralisk Den  
  52  8:44  Drone  
  52  8:45  Drone x5  
  52  8:46  Drone x6  
  52  8:54  Nydus Network  
  49  9:10  Hatchery  
  49  9:12  Hydralisk, Grooved Spines  
  49  9:13  Hydralisk x6  
  62  9:59  Hydralisk  
  62  10:00  Hydralisk x6  
  76  10:08  Extractor  
  76  10:09  Hatchery, Extractor  
  73  10:19  Infestation Pit  
  72  10:40  Evolution Chamber  
  72  10:42  Evolution Chamber  
  42  11:02  Hive  
  42  11:07  Hydralisk x6  
  53  11:42  Drone  
  53  11:43  Drone x2  
  56  11:56  Muscular Augments  
  56  12:00  Drone x4  
  60  12:03  Hydralisk x4  
  60  12:08  Zergling x2  
  69  12:09  Zergling x10  
  69  12:11  Metabolic Boost  
  74  12:40  Drone, Spore Crawler  
  74  12:41  Spore Crawler  
  74  12:42  Spore Crawler, Overlord x4  
  74  12:43  Overlord x4  
  72  13:01  Viper x2  
Show
View Real Time Build Order
Export as new Build Order

Sphere Zerg 

Build Orders: Hatch First 

Get SALT Encoding   

  12  0:05  Drone  
  13  0:14  Drone  
  13  0:16  Overlord  
  14  0:34  Drone x2  
  16  0:38  Drone  
  17  0:49  Drone  
  18  0:58  Hatchery  
  18  1:04  Drone  
  18  1:08  Extractor  
  17  1:15  Drone  
  18  1:27  Drone  
  19  1:36  Extractor, Drone  
  19  1:41  Spawning Pool  
  19  1:44  Drone  
  19  1:54  Drone  
  20  2:12  Drone x2  
  22  2:18  Overlord  
  22  2:23  Drone  
  22  2:28  Queen x2  
  22  2:29  Roach Warren  
  26  2:39  Drone x3  
  29  3:09  Roach x3  
  35  3:14  Overlord  
  35  3:23  Overlord  
  35  3:33  Roach x4  
  43  3:37  Overlord x2  
  43  3:44  Roach x4  
  51  3:49  Overlord  
  51  3:57  Roach x3  
  51  4:01  Evolution Chamber  
  56  4:06  Roach x2  
  60  4:12  Roach  
  60  4:13  Roach  
  66  4:17  Roach  
  66  4:20  Roach  
  68  4:29  Spore Crawler  
  68  4:31  Spore Crawler  
  66  4:34  Roach  
  66  4:35  Roach  
  70  4:40  Ravager  
  71  4:49  Ravager  
  71  4:51  Drone x4  
  76  4:55  Overlord  
  70  5:33  Roach  
  70  5:34  Roach x7  
  66  5:52  Roach x3  
  62  6:13  Roach  
  62  6:14  Roach x4  
  70  6:22  Extractor  
  70  6:24  Drone x3, Extractor  
  70  6:25  Drone x2, Overlord x2  
  71  6:44  Roach  
  71  6:45  Roach  
  75  6:50  Zerg Missile Weapons Level 1  
  75  7:11  Queen  
  75  7:12  Spore Crawler x2  
  65  7:15  Lair  
  37  7:45  Spore Crawler  
  37  7:47  Drone  
  37  7:48  Drone x6  
  37  7:49  Spore Crawler  
  42  7:53  Metabolic Boost  
  38  8:09  Spore Crawler  
  37  8:24  Hydralisk Den  
  36  8:27  Drone, Spore Crawler  
  36  8:28  Drone x6  
  36  8:29  Overlord x3  
  42  8:44  Zerg Ground Armor Level 1  
  42  8:51  Evolution Chamber  
  42  8:52  Hydralisk  
  42  8:53  Hydralisk x4  
  51  9:02  Grooved Spines  
  51  9:03  Hydralisk  
  51  9:06  Hydralisk  
  53  9:25  Hydralisk x2  
  42  9:38  Hydralisk x3  
  48  9:49  Queen  
  48  9:50  Queen  
  52  9:55  Hatchery  
  51  10:09  Zerg Missile Weapons Level 2  
  51  10:11  Drone x3  
  51  10:13  Muscular Augments  
  54  10:14  Hydralisk x2  
  54  10:15  Hydralisk  
  59  10:27  Hydralisk x2  
  50  10:44  Roach x5  
  50  10:47  Hatchery  
  59  10:51  Queen  
  61  10:57  Hydralisk  
  61  10:58  Hydralisk  
  63  11:14  Hydralisk x3  
  61  11:26  Hydralisk x5  
  71  11:43  Spore Crawler  
  70  11:49  Hydralisk  
  71  12:16  Hatchery  
  66  12:26  Hydralisk x4  
  74  12:33  Queen  
  76  12:48  Overlord  
  76  12:49  Overlord  
  75  13:10  Roach x3  
  75  13:11  Roach x2  
Tags
 
Add a new tag
Caveats
  • Supply blocks, unpowered buildings, or Contaminate may cause inaccurate times.
  • Supply counts are checked every 10 seconds.